 Dungeon Crawl Stone Soup version 0.31-a0-232-gb1c03b2570 (webtiles) character file.

Game seed: 16616738810338612328

177 qw the Shooter (level 5, -3/31 HPs)
             Began as a Gargoyle Hexslinger on July 7, 2023.
             Slain by a gnoll
             ... wielding a +2 flail of venom
              (7 damage)
             ... on level 3 of the Dungeon.
             The game lasted 00:00:55 (1543 turns).

qw the Shooter (Gargoyle Hexslinger)                Turns: 1543, Time: 00:00:55

Health: -3/31      AC:  7    Str: 12    XL:     5   Next: 57%
Magic:  6/6        EV: 11    Int: 13    God:
Gold:   111        SH:  0    Dex: 14    Spells: 5/6 levels left

rFire   . . .        Y - +3 sling
rCold   . . .        (no shield)
rNeg    + . .        g - +0 leather armour
rPois   inf          (no helmet)
rElec   +            (no cloak)
rCorr   .            (no gloves)
SInv    +            (no boots)
Will    .....        (no amulet)
Stlth   +            l - ring of see invisible
HPRegen 0.25/turn    (no ring)
MPRegen 0.10/turn

%: no passive effects
@: no status effects
A: sickness immunity, AC +4, negative energy resistance 1, electricity
resistance, torment resistance 1, petrification resistance
a: no special abilities


You were on level 3 of the Dungeon.
You visited 1 branch of the dungeon, and saw 3 of its levels.

You collected 111 gold pieces.


Innate Abilities, Weirdness & Mutations

You are immune to sickness and miasma.
Your stone body is resilient. (AC +4)
You are immune to poison.
You resist negative energy. (rN+)
You are resistant to electric shocks. (rElec)
You are resistant to unholy torment.
You are immune to petrification.


   Skills:
 + Level 2.7 Fighting
 - Level 5.0 Ranged Weapons
 - Level 1.5 Dodging
 - Level 1.0 Spellcasting
 - Level 2.6 Hexes


You had 5 spell levels left.
You knew the following spells:

 Your Spells              Type           Power      Damage    Failure   Level
a - Slow                  Hex            28%        N/A       12%         1

Your spell library contained the following spells:

 Spells                   Type           Power      Damage    Failure   Level
 Inner Flame              Hex/Fire       4%         N/A       52%         3
 Portal Projectile        Hex/Tloc       8%         N/A       52%         3
 Cause Fear               Hex            3%         N/A       75%         4

Inventory:

Hand Weapons
 Y - a +3 sling (weapon)
Armour
 g - a +0 leather armour (worn)
Jewellery
 l - a ring of see invisible (left hand)
Scrolls
 a - 2 scrolls of identify
 f - a scroll of teleportation {unknown}
 h - a scroll of blinking {unknown}
Potions
 b - a potion of mutation
 c - a potion of haste {unknown}
 d - a potion of enlightenment
 e - a potion of degeneration {unknown}
 i - a potion of might {unknown}
 j - a potion of heal wounds {unknown}
 k - 2 potions of resistance
 m - a potion of curing

Dungeon Overview and Level Annotations

Branches:
Dungeon (3/15)

Altars:


Message History

The worm barely misses you.
You shoot a sling bullet. The sling bullet hits the worm.
The worm is almost dead.
The worm closely misses you.
You shoot a sling bullet. The sling bullet hits the worm.
The worm is almost dead.
You shoot a sling bullet. The sling bullet hits the worm!
You kill the worm!
You shoot a sling bullet. The sling bullet hits the gnoll.
The gnoll is heavily wounded.
The gnoll hits you with a +0 flail.
You shoot a sling bullet.
The sling bullet barely misses the gnoll. x2
The gnoll hits you with a +0 flail.
You shoot a sling bullet. The sling bullet hits the gnoll.
The gnoll is almost dead.
The gnoll hits you with a +0 flail.
You shoot a sling bullet.
The sling bullet hits the gnoll but does no damage.
The gnoll is almost dead.
The gnoll hits you with a +0 flail.
You shoot a sling bullet.
The sling bullet closely misses the gnoll.
The sling bullet hits the gnoll.
The gnoll is severely wounded.
The gnoll hits you with a +0 flail. The gnoll hits you but does no damage.
You shoot a sling bullet. The sling bullet hits the gnoll.
You kill the gnoll!
You shoot a sling bullet.
The sling bullet hits the gnoll but does no damage.
The gnoll is severely wounded.
The gnoll hits you but does no damage.
You shoot a sling bullet.
The sling bullet barely misses the gnoll.
The gnoll barely misses you.
You shoot a sling bullet. The sling bullet hits the gnoll.
The gnoll is almost dead.
The gnoll hits you but does no damage.
The gnoll hits you with a +2 flail of venom!
You die...

#......##....#
#......##....#
#...... #....#
#..... #....# #....
##....# .). .....#
#g######....#
#@#..<...#+#######
#.#..>............
#[#...##..........
#.#............_.}
#.#..####.........
#.#......#...}.}..
##.###.##.#.....#..
#.......#.#.....###
######..#.#%.....).


You could see a gnoll.

Vanquished Creatures
  4 gnolls
  6 adders
  3 worms
  4 dart slugs
  An orc (D:3)
  3 endoplasms
  4 giant cockroaches (D:1)
  6 goblins
  11 hobgoblins
  4 kobolds
  5 quokkas
  2 ball pythons
  4 bats
  3 frilled lizards
  5 rats
65 creatures vanquished.

Notes
Turn   | Place    | Note
-------+----------+-------------------------------------------
     0 | D:1      | qw the Gargoyle Hexslinger began the quest for the Orb.
     0 | D:1      | Reached XP level 1. HP: 12/12 MP: 2/2
     0 | D:1      | 0 ||| qw: Version: 0.3-a-46-gb1f654a
     0 | D:1      | 0 ||| qw: Game counter: 2500
     0 | D:1      | 0 ||| qw: Melee chars always use a shield: true
     0 | D:1      | 0 ||| qw: God list: Okawaru
     0 | D:1      | 0 ||| qw: Allow faded altars: false
     0 | D:1      | 0 ||| qw: Do Orc after clearing Dungeon:15 true
     0 | D:1      | 0 ||| qw: Do second Lair branch before Depths: true
     0 | D:1      | 0 ||| qw: Lair rune preference: random
     0 | D:1      | 0 ||| qw: Goals: Normal
     0 | D:1      | 0 ||| PLANNING D:1-11
    68 | D:1      | Reached XP level 2. HP: 16/16 MP: 3/3
   203 | D:1      | Reached skill level 3 in Ranged Weapons
   211 | D:1      | HP: 3/16 [gnoll/+0 spear (4)]
   213 | D:1      | Reached XP level 3. HP: 4/21 MP: 4/4
   215 | D:1      | HP: 1/21 [hobgoblin (1)]
   220 | D:1      | HP: 1/21 [frilled lizard (1)]
   226 | D:1      | HP: 2/21 [bat (1)]
   548 | D:1      | 548 ||| UPGRADING to +0 leather armour.
   558 | D:1      | 558 ||| DROPPING +0 robe.
   559 | D:1      | 559 ||| READING 3 scrolls labelled QIGE POLARUKOF.
   560 | D:1      | 560 ||| READING scroll labelled SOEKAE BYSEUC.
   561 | D:1      | 561 ||| READING scroll labelled EDYTHI TAHI.
   562 | D:1      | 562 ||| DRINKING 2 orange potions.
   563 | D:1      | 563 ||| READING 2 scrolls of identify.
   563 | D:1      | 563 ||| IDENTIFYING red potion
   564 | D:1      | 564 ||| DROPPING scroll of poison.
   635 | D:2      | Reached XP level 4. HP: 24/26 MP: 5/5
   688 | D:2      | Reached skill level 4 in Ranged Weapons
  1096 | D:2      | 1096 ||| UPGRADING to ring of see invisible.
  1097 | D:2      | 1097 ||| READING scroll labelled NUOFUC WEVUWY.
  1198 | D:2      | 1198 ||| READING scroll labelled KEHOC RAIMAD.
  1199 | D:2      | 1199 ||| DRINKING 2 fuming emerald potions.
  1222 | D:2      | 1222 ||| DRINKING 3 viscous coppery potions.
  1223 | D:2      | 1223 ||| READING 2 scrolls of identify.
  1223 | D:2      | 1223 ||| IDENTIFYING sedimented silvery potion
  1224 | D:2      | 1224 ||| DROPPING potion of lignification.
  1250 | D:3      | Found a faded altar of an unknown god.
  1262 | D:3      | 1262 ||| READING scroll of enchant weapon.
  1262 | D:3      | 1262 ||| ENCHANTING +2 sling.
  1297 | D:3      | Reached XP level 5. HP: 23/30 MP: 6/6
  1520 | D:3      | Reached skill level 5 in Ranged Weapons
  1539 | D:3      | HP: 3/31 [gnoll/+0 flail (6)]
  1543 | D:3      | Slain by a gnoll

Levels and vault maps discovered:
D:1:      matt_arrival_diagonals, layout_basic, minmay_hexomino_c4
D:2:      layout_rooms
D:3:      layout_basic, hellmonk_ecumenical_altar_run_dry

Skill      XL: |  1  2  3  4  5 |
---------------+----------------+-----
Ranged Weapons | 3 4 5 |  5.0
Fighting       | 2 |  2.7
Dodging        | |  1.5
Spellcasting   | |  1.0
Hexes          | |  2.6

Action                     |  1- 3 |  4- 6 || total
---------------------------+-------+-------++-------
   Fire: Sling             |   103 |   146 ||   249
    Use: Scroll            |     4 |     4 ||     8
         Potion            |     1 |     2 ||     3
 Armour: Robe              |    15 |       ||    15
         Leather armour    |     4 |    24 ||    28
  Dodge: Dodged            |    40 |    42 ||    82

Table legend:
 A = Non-vault XP
 B = Vault XP
 C = Vault XP percentage of total XP
 D = Non-vault monster count
 E = Vault monster count
 F = Vault count percentage of total count
                 A         B        C        D         E       F
            +---------+---------+-------+---------+---------+-------
      Total |     244 |       9 |   3.6 |      60 |       5 |   7.7
            +---------+---------+-------+---------+---------+-------
        D:1 |      51 |       9 |  15.0 |      20 |       5 |  20.0
        D:2 |      99 |       0 |   0.0 |      20 |       0 |   0.0
        D:3 |      94 |       0 |   0.0 |      20 |       0 |   0.0
            +---------+---------+-------+---------+---------+-------
